AoeStats
← eyupfc

Arabia

506926399Analyzed
3v3 RM · 17d ago on Sep 15, 2026· 30m 22s· 6 players
Game mode
Random Map
Map size
Normal (6 player)
Population
200
Speed
Normal
Resources
Standard
Victory
Conquest
Starting age
Dark Age
Ending age
Imperial Age
RankedLock teamsTeams togetherTeam positionsShared explorationLock speedFull tech treeHidden civsTurbo modeCheats
Victory
Defeat
🇪🇸 Ethiopians · Spain
1346
+10
🇦🇷 Franks · Argentina
1341
+11
🇳🇱 Britons · Netherlands
1268
+13
🇹🇷 Magyars · Türkiye
1237
-12
🇹🇷 Italians · Türkiye
1209
-11
🇹🇷 Tupi · Türkiye
1208
-11
MPW_SCRaTCH
7:33 Loom
10:24 Feudal Age
11:05 Double-Bit Axe
13:21 Padded Archer Armor
13:52 Horse Collar
14:28 Gold Mining
14:44 Fletching
22:46 Wheelbarrow
21:57 Town Watch
25:54 Castle Age
26:11 Crossbowman
27:05 Bodkin Arrow
27:25 Leather Archer Armor
27:35 Thumb Ring
28:37 Ballistics
30:05 Heavy Plow
Gerbano
7:09 Loom
9:24 Feudal Age
12:22 Fletching
12:32 Padded Archer Armor
14:36 Double-Bit Axe
16:11 Horse Collar
22:41 Castle Age
23:05 Wheelbarrow
22:54 Gold Mining
23:51 Bodkin Arrow
23:49 Crossbowman
26:06 Ballistics
27:09 Leather Archer Armor
__24_Thorfin_Arg
6:24 Loom
9:21 Feudal Age
9:50 Double-Bit Axe
12:50 Forging
12:41 Town Watch
18:22 Scale Barding Armor
23:16 Castle Age
23:44 Gold Mining
23:27 Light Cavalry
24:07 Husbandry
25:45 Iron Casting
27:34 Gold Shaft Mining
30:51 Wheelbarrow
30:38 Bow Saw
isik.cemil
7:41 Loom
11:09 Feudal Age
11:58 Double-Bit Axe
11:54 Horse Collar
17:34 Fletching
25:29 Castle Age
23:34 Padded Archer Armor
24:11 Wheelbarrow
23:21 Town Watch
25:33 Crossbowman
26:19 Thumb Ring
eyupfc
7:49 Loom
10:23 Feudal Age
13:58 Wheelbarrow
16:03 Double-Bit Axe
17:47 Fletching
19:42 Padded Archer Armor
27:23 Castle Age
25:58 Gold Mining
26:12 Stone Mining
27:22 Horse Collar
28:46 Bow Saw
28:57 Bodkin Arrow
30:18 Leather Archer Armor
KingMoonborn
6:25 Loom
9:48 Feudal Age
11:22 Double-Bit Axe
14:35 Scale Barding Armor
19:45 Horse Collar
24:52 Castle Age
23:30 Bloodlines
25:58 Chain Barding Armor
26:39 Husbandry
Connection lost

Rejoining the realm…

Still unreachable

The connection could not be restored.

Session expired

The server has moved on; the page needs a fresh start.